 Dungeon Crawl Stone Soup version 0.16-a0-282-ga87e286 (webtiles) character file.

397 Kashira the Archer (level 6, -20/48 HPs)
             Began as a Centaur Hunter on Aug 27, 2014.
             Was a Follower of Okawaru.
             Killed from afar by Pikel (23 damage)
             ... with a wand of lightning
             ... on Level 5 of the Dungeon.
             The game lasted 00:44:15 (4300 turns).

Kashira the Archer (Centaur Hunter)                 Turns: 4300, Time: 00:44:15

HP -20/48        AC  4     Str 14      XL: 6   Next: 53%
MP   5/5         EV 10     Int 10      God: Okawaru [*.....]
Gold 231         SH  0     Dex 12      Spells:  0 memorised,  5 levels left

rFire  + . .     SeeInvis .     t - +1 dagger (venom)
rCold  . . .     Clarity  .     j - +0 leather armour {rF+}
rNeg   . . .     rCorr    .     (no shield)
rPois  +         rRot     .     (no helmet)
rElec  .         Spirit   .     (no cloak)
SustAb .         Warding  .     (no gloves)
rMut   .         Stasis   .     (no barding)
Gourm  .                        (no amulet)
MR     .....                    (no ring)
                                n - ring of poison resistance

@: very quick, not resistant to hostile enchantments, very unstealthy
A: hooves 3, deformed body, speed 2, tough skin 3
a: Heroism, Renounce Religion


You were on level 5 of the Dungeon.
You worshipped Okawaru.
Okawaru was aware of your devotion.
You were not hungry.

You visited 2 branches of the dungeon, and saw 7 of its levels.

You collected 231 gold pieces.

Inventory:

Hand weapons
 a - a +6 dagger
 b - a +1 shortbow
 m - a +1 vampiric hand axe
 t - a +1 dagger of venom (weapon)
 u - a +0 hunting sling
Missiles
 c - 9 arrows
 e - 4 large rocks
 g - 36 stones (quivered)
 o - 4 needles of slowing
 p - 11 sling bullets
 v - 18 bolts
Armour
 d - a +0 leather armour
 j - a +0 leather armour of fire resistance (worn)
Magical devices
 y - a wand of frost (16)
 z - a wand of draining (5)
 B - a wand of random effects (7)
Comestibles
 f - a bread ration
 k - 2 meat rations
Scrolls
 r - 2 scrolls of recharging
 s - 2 scrolls of magic mapping
Jewellery
 n - a ring of poison resistance (left hand)
 q - a cursed ring of stealth {unknown}
 A - an uncursed ring of ice {unknown}
 E - a cursed -3 ring of evasion {unknown}
Potions
 h - a potion of flight {unknown}
 i - a potion of brilliance
 w - a potion of restore abilities {unknown}
 C - a potion of agility {unknown}
Magical staves
 F - a cursed staff of summoning {unknown}


   Skills:
 + Level 1.9 Fighting
 + Level 0.8 Short Blades
 + Level 8.6 Bows
 + Level 0.6 Throwing
 + Level 1.2 Armour
 + Level 2.3 Dodging
 + Level 0.8 Stealth
 + Level 0.6 Evocations


You had 5 spell levels left.
You didn't know any spells.

Dungeon Overview and Level Annotations

Branches:
Dungeon (6/15)             Temple (1/1) D:4

Altars:
Ashenzari
Fedhas
Gozag
Makhleb
Nemelex Xobeh
Okawaru
Qazlal
Sif Muna
Trog
Vehumet
Yredelemnul

Annotations:
D:3 Grinder, Sigmund
D:5 Pikel


Innate Abilities, Weirdness & Mutations

You have hooves in place of feet.
Armour fits poorly on your strangely shaped body.
You cover ground very quickly.
You have extremely tough skin (AC +3).


Message History

You hit the orc priest.
The orc priest is poisoned.
The orc priest is moderately wounded.
You hit the orc priest but do no damage.
The orc priest is moderately wounded.
The orc priest invokes the aid of Beogh against you.
Something smites you!
* * * LOW HITPOINT WARNING * * *
There is a stone staircase leading up here.
You completely miss the orc priest.
The orc priest is moderately wounded.
The orc priest hits you with a hand axe.
* * * LOW HITPOINT WARNING * * *
Quiver which item? (- for none, * to show all) (? for menu, Esc to quit)
Okay, then.
The orc priest hits you with a hand axe.
* * * LOW HITPOINT WARNING * * *
You climb upwards.
Level annotation: Pikel Pikel zaps a wand.
The bolt of lightning hits you!
You die...

,,,,,,*,,,,*,,,,,,,*
,,,,,,*,,,,+,,,,,,,*
,**,,**,,,,*,,***,*****
+**+**,,,,,**+***,**,,*
,,,,,*,.,,,*,,,,*,,,,,*
,,,,,+...,,+,,,,+,,,,,*
,**###...,,***,**,**,,*
,**#....#+####+##+##+##
,,,#....#.......@.....#
,,,+...)+.p%p..Ko.....#
*,,#....#..###$..###+##
**+#....#'####...#**,,*
+,,#....'..........,,,*
*,,+...K#............,*
#+##....#+###.##.###+**
#..###.....##.##+#**,,*
.....p.....+..,+,,,+,,*


You could see Pikel, 2 slaves and an orc priest.

Vanquished Creatures
  An orc priest (D:4)
  2 crimson imps (D:5)
  2 orc wizards
  3 worker ants
  5 adders
  A giant mite (D:1)
  An inept feature mimic (D:4)
  4 worms
  An ooze (D:2)
  9 orcs
  4 giant cockroaches
  9 goblins
  4 hobgoblins
  3 jackals (D:3)
  10 kobolds
  3 ball pythons
  16 bats
  2 giant geckos (D:1)
  2 giant newts (D:2)
  5 rats
87 creatures vanquished.

Notes
Turn   | Place    | Note
--------------------------------------------------------------
     0 | D:1      | Kashira, the Centaur Hunter, began the quest for the Orb.
     0 | D:1      | Reached XP level 1. HP: 16/16 MP: 1/1
   231 | D:1      | Reached XP level 2. HP: 23/23 MP: 2/2
   293 | D:1      | Reached skill level 6 in Bows
   965 | D:1      | Reached XP level 3. HP: 28/28 MP: 3/3
  1470 | D:2      | Found a radiant altar of Vehumet.
  1519 | D:2      | Reached XP level 4. HP: 35/35 MP: 3/3
  1640 | D:2      | Reached skill level 7 in Bows
  2121 | D:3      | Noticed Grinder
  2123 | D:3      | Noticed Sigmund
  2181 | D:4      | Found a staircase to the Ecumenical Temple.
  2190 | Temple   | Entered the Ecumenical Temple
  2339 | D:4      | Found an opulent altar of Gozag.
  2393 | D:4      | Reached XP level 5. HP: 34/40 MP: 4/4
  2421 | D:4      | Found a bloodstained altar of Trog.
  2476 | D:4      | Found an iron altar of Okawaru.
  2491 | D:4      | Became a worshipper of Warmaster Okawaru
  2566 | D:4      | Reached skill level 8 in Bows
  2903 | D:4      | Reached skill level 1 in Armour
  3046 | D:4      | Reached XP level 6. HP: 42/47 MP: 5/5
  3079 | D:4      | Found a sparkling altar of Nemelex Xobeh.
  3290 | D:5      | Entered Level 5 of the Dungeon
  3345 | D:5      | Noticed a troll
  3736 | D:5      | Noticed Pikel
  4283 | D:6      | Acquired Okawaru's first power
  4299 | D:6      | HP: 2/48 [orc priest/hand axe (2)]
  4300 | D:5      | Killed from afar by Pikel

Action                   |  1- 3 |  4- 6 || total
-------------------------+-------+-------++-------
Melee: Short sword       |    21 |    20 ||    41
       Dagger            |       |   117 ||   117
 Fire: Shortbow          |    88 |   104 ||   192
Throw: Stone             |       |     9 ||     9
Evoke: Wand              |       |    10 ||    10
  Use: Scroll            |     4 |    10 ||    14
       Potion            |       |     2 ||     2
  Eat: Chunk             |       |     2 ||     2
       Bread ration      |       |     1 ||     1
       Pizza             |       |     1 ||     1
